Chicago Black Hawks vs Detroit Red Wings
Created - Tuesday, June 18, 2024 at 07:34
Goals
|
| Chicago Black Hawks |
1 |
4 |
3 |
8 |
| Detroit Red Wings |
2 |
3 |
1 |
6 |
|
Shots
|
| Chicago Black Hawks |
14 |
12 |
15 |
41 |
| Detroit Red Wings |
8 |
16 |
9 |
33 |
|
1st period
1. Detroit Red Wings , Mika Zibanejad 6 (Matthew Boldy 4, MacKenzie Weegar 8) at 0:38
2. Chicago Black Hawks , Jaden Schwartz 2 (Conor Sheary 2) at 0:48
3. Detroit Red Wings , Matthew Boldy 3 (Patrick Kane 9, Jordie Benn 1) at 17:12
Penalties :
Travis Sanheim (CHI) for Slashing (Minor) at 7:46, Zach Bogosian (DET) for Elbowing (Minor) at 13:33
2nd period
4. Detroit Red Wings , Patrick Kane 4 (Steven Stamkos 10) at 0:19
5. Chicago Black Hawks , Kevin Fiala 5 (Cale Makar 5, Bo Horvat 9) at 6:01
6. Detroit Red Wings , Jared McCann 7 (Steven Stamkos 11, Jordie Benn 2) at 6:13
7. Chicago Black Hawks , Jaden Schwartz 3 (Seth Jones 2, Thatcher Demko) at 10:47
8. Chicago Black Hawks , Devon Toews 1 (Kevin Fiala 7, Bo Horvat 10) at 14:57 (PP)
9. Chicago Black Hawks , Vincent Trocheck 5 (Bo Horvat 11) at 16:20
10. Detroit Red Wings , Patrick Kane 5 (Steven Stamkos 12, Kevin Shattenkirk 5) at 18:05
Penalties :
Michael Rasmussen (CHI) for Hooking (Minor) at 6:16, Zach Bogosian (DET) for Cross-checking (Minor) at 14:37, Barrett Hayton (CHI) for Delaying the game (Minor) at 18:52
3rd period
11. Chicago Black Hawks , Brent Burns 1 (Kevin Fiala 8, Bo Horvat 12) at 4:08 (PP)
12. Detroit Red Wings , Jonathan Huberdeau 2 (Shayne Gostisbehere 3, Jordie Benn 3) at 13:01
13. Chicago Black Hawks , Conor Sheary 2 (Jaden Schwartz 1, Nicholas Paul 3) at 13:46
14. Chicago Black Hawks , Nicholas Paul 1 (Michael Rasmussen 1, Shane Pinto 2) at 19:36 (Empty Net)
Penalties :
Zach Bogosian (DET) for Hooking (Minor) at 3:32, MacKenzie Weegar (DET) for Roughing (Minor) at 5:51, Michael Rasmussen (CHI) for Holding (Minor) at 16:58
Goalie Stats
Thatcher Demko (CHI), 27 saves from 33 shots - (0.818), W, 2-1-0, 60:00 minutes
Vitek Vanecek (DET), 33 saves from 40 shots - (0.825), L, 6-5-0, 59:23 minutes
Players Stats for Chicago Black Hawks
Player Name G A P +/- PIM S H SB GA TA FO MP PP MP PK MP
------------------------------------------------------------------------------------
Barrett Hayton 0 0 0 -2 2 3 2 0 1 0 2/3 19:50 2:23 2:53
Bo Horvat 0 4 4 1 0 3 1 0 0 0 16/22 17:16 2:31 0:00
Brent Burns 1 0 1 -1 0 2 0 1 0 3 0/0 27:29 2:55 4:13
Cale Makar 0 1 1 -2 0 3 2 1 0 2 0/0 20:22 1:59 0:17
Conor Sheary 1 1 2 0 0 3 0 0 1 0 0/0 11:07 0:00 0:00
Devon Toews 1 0 1 0 0 3 2 0 0 0 0/0 19:47 1:59 3:43
Frederick Gaudreau 0 0 0 0 0 0 0 0 0 0 2/2 4:16 0:09 3:33
Jaden Schwartz 2 1 3 0 0 4 1 0 1 1 0/2 13:51 0:00 2:44
Kevin Fiala 1 2 3 1 0 6 1 0 0 0 1/1 17:07 2:22 0:00
Kirby Dach 0 0 0 -2 0 3 1 0 1 1 0/0 16:42 2:23 0:00
Marcus Pettersson 0 0 0 1 0 0 0 2 0 1 0/0 14:22 0:00 0:49
Michael Rasmussen 0 1 1 1 4 0 1 2 0 0 0/0 8:58 0:00 2:01
Nicholas Paul 1 1 2 1 0 1 1 1 1 1 7/13 17:56 0:00 0:30
Patrice Bergeron 0 0 0 -2 0 4 2 0 1 0 16/25 20:15 2:23 3:33
Seth Jones 0 1 1 1 0 1 0 2 0 0 0/0 21:50 2:55 4:13
Shane Pinto 0 1 1 1 0 0 1 0 0 0 3/4 7:24 0:00 0:38
Travis Sanheim 0 0 0 1 2 0 1 1 0 0 0/0 16:12 0:00 2:37
Vincent Trocheck 1 0 1 1 0 5 0 0 0 0 0/0 17:16 2:31 0:00
Players Stats for Detroit Red Wings
Player Name G A P +/- PIM S H SB GA TA FO MP PP MP PK MP
------------------------------------------------------------------------------------
Alexander Barabanov 0 0 0 0 0 2 0 2 0 1 0/1 7:58 0:01 0:00
Anthony Cirelli 0 0 0 -2 0 0 1 1 1 0 3/8 13:47 0:00 2:42
Arthur Kaliyev 0 0 0 -1 0 1 1 0 0 0 1/1 8:23 0:03 0:00
Carter Verhaeghe 0 0 0 2 0 2 2 1 0 0 0/2 16:04 3:55 0:00
Daniel Sprong 0 0 0 -1 0 1 1 0 0 0 0/2 15:41 3:57 0:02
Jared McCann 1 0 1 1 0 2 1 1 0 0 0/1 21:21 3:55 2:10
Jonathan Huberdeau 1 0 1 -2 0 2 2 0 1 0 0/1 10:40 0:00 0:00
Jordie Benn 0 3 3 0 0 0 2 1 0 1 0/0 15:53 0:00 2:29
Josh Bailey 0 0 0 -1 0 2 0 1 0 0 0/4 8:39 0:06 0:00
Kevin Shattenkirk 0 1 1 1 0 3 1 4 1 0 0/0 28:42 3:59 2:25
MacKenzie Weegar 0 1 1 1 2 0 1 2 0 1 0/0 27:46 3:59 1:13
Matthew Boldy 1 1 2 1 0 2 1 1 2 1 0/1 16:51 3:55 0:00
Mika Zibanejad 1 0 1 1 0 6 2 0 0 0 7/22 18:47 3:57 2:12
Patrick Kane 2 1 3 1 0 6 0 0 0 0 2/3 19:14 3:58 0:00
Philippe Myers 0 0 0 -1 0 0 0 0 0 0 0/0 10:50 0:00 0:40
Shayne Gostisbehere 0 1 1 0 0 0 2 0 2 1 0/0 21:08 3:57 2:29
Steven Stamkos 0 3 3 1 0 4 2 2 2 0 12/26 22:11 3:58 2:42
Zach Bogosian 0 0 0 -1 6 0 5 1 0 1 0/0 11:07 0:00 0:32
3 Stars
1 - Jaden Schwartz (CHI)
2 - Bo Horvat (CHI)
3 - Kevin Fiala (CHI)
Power Play
Chicago Black Hawks - 2 on 4 Attempt(s) - 50.00%
Detroit Red Wings - 0 on 4 Attempt(s) - 0.00%
Penalty Kill
Chicago Black Hawks - 4 on 4 Attempt(s) - 100.00%
- Score 0 goal in Penalty Kill
Detroit Red Wings - 2 on 4 Attempt(s) - 50.00%
- Score 0 goal in Penalty Kill
Team Stat
Chicago Black Hawks - Hits : 16 - Faceoff Wins : 47 - Blocked Shots : 10 - Penalty Minutes : 8
Detroit Red Wings - Hits : 24 - Faceoff Wins : 25 - Blocked Shots : 17 - Penalty Minutes : 8
Official
Referees : Dan O'Rourke and Evgeny Romasko
Linesman : Ryan Gibbons and Devin Berg
Game Notes
Nicholas Paul has scored in a empty net!
Finance
Level 1 -- Attendance: 6000 (100.00%) -- Ticket Income $600,000
Level 2 -- Attendance: 5000 (100.00%) -- Ticket Income $300,000
Level 3 -- Attendance: 3000 (100.00%) -- Ticket Income $105,000
Level 4 -- Attendance: 4994 (99.88%) -- Ticket Income $124,850
Luxury Box -- Attendance: 1000 (100.00%) -- Ticket Income $200,000
Game was played at the Joe Louis Arena.
Total Attendance: 19994 (99.97%)
Total Ticket Income: $1,329,850
Other Income: $465,447
Total Income: $1,795,297
Chicago Black Hawks
5 vs 5 Forward
Center Left Wing Right Wing Time % Phy DF OF
1 Bo Horvat Kevin Fiala Vincent Trocheck 30 1 2 2
2 Patrice Bergeron Barrett Hayton Kirby Dach 30 1 2 2
3 Nicholas Paul Jaden Schwartz Conor Sheary 25 1 2 2
4 Shane Pinto Michael Rasmussen Nicholas Paul 15 1 2 2
5 vs 5 Defense
Defense Defense Time % Phy DF OF
1 Cale Makar Seth Jones 30 0 3 2
2 Brent Burns Devon Toews 30 1 3 1
3 Travis Sanheim Marcus Pettersson 25 0 4 1
4 Cale Makar Brent Burns 15 0 3 2
PowerPlay Forward
Center Left Wing Right Wing Time % Phy DF OF
1 Bo Horvat Kevin Fiala Vincent Trocheck 50 0 0 5
2 Patrice Bergeron Barrett Hayton Kirby Dach 50 0 0 5
PowerPlay Defense
Defense Defense Time % Phy DF OF
1 Brent Burns Seth Jones 50 0 1 4
2 Cale Makar Devon Toews 50 0 1 4
Penalty Kill 4 Players Forward
Center Wing Time % Phy DF OF
1 Patrice Bergeron Frederick Gaudreau 50 0 5 0
2 Barrett Hayton Michael Rasmussen 50 0 5 0
Penalty Kill 4 Players Defense
Defense Defense Time % Phy DF OF
1 Devon Toews Travis Sanheim 50 0 5 0
2 Brent Burns Seth Jones 50 0 5 0
Penalty Kill - 3 Players Forward
Forward Time % Phy DF OF
1 Bo Horvat 50 0 5 0
2 Frederick Gaudreau 50 0 5 0
Penalty Kill - 3 Players Defense
Defense Defense Time % Phy DF OF
1 Marcus Pettersson Seth Jones 50 0 5 0
2 Travis Sanheim Devon Toews 50 0 5 0
4 vs 4 Forward
Center Wing Time % Phy DF OF
1 Vincent Trocheck Frederick Gaudreau 50 1 2 2
2 Shane Pinto Kevin Fiala 50 1 2 2
4 vs 4 Defense
Defense Defense Time % Phy DF OF
1 Devon Toews Travis Sanheim 50 1 3 1
2 Marcus Pettersson Cale Makar 50 0 4 1
Last Minutes Offensive
Center Left Wing Right Wing Defense Defense
Bo Horvat Kevin Fiala Vincent Trocheck Cale Makar Seth Jones
Last Minutes Defensive
Center Left Wing Right Wing Defense Defense
Bo Horvat Kevin Fiala Vincent Trocheck Cale Makar Seth Jones
Goaltenders
Starting : Thatcher Demko
Backup : Jordan Binnington
Extra Forwards
Normal : Frederick Gaudreau, Nicholas Paul, Jaden Schwartz - PP : Frederick Gaudreau, Nicholas Paul - PK : Jaden Schwartz
Extra Defensemen
Normal : Travis Sanheim, Marcus Pettersson, Brent Burns - PP : Travis Sanheim - PK : Marcus Pettersson, Brent Burns
Penalty Shots
Bo Horvat, Patrice Bergeron, Vincent Trocheck, Kevin Fiala, Barrett Hayton
Detroit Red Wings
5 vs 5 Forward
Center Left Wing Right Wing Time % Phy DF OF
1 Steven Stamkos Jared McCann Patrick Kane 35 0 1 4
2 Mika Zibanejad Carter Verhaeghe Matthew Boldy 30 1 2 2
3 Anthony Cirelli Jonathan Huberdeau Daniel Sprong 25 1 2 2
4 Josh Bailey Alexander Barabanov Arthur Kaliyev 10 1 2 2
5 vs 5 Defense
Defense Defense Time % Phy DF OF
1 Kevin Shattenkirk MacKenzie Weegar 40 1 2 2
2 Jordie Benn Shayne Gostisbehere 30 1 2 2
3 Zach Bogosian Philippe Myers 20 3 1 1
4 Kevin Shattenkirk MacKenzie Weegar 10 1 2 2
PowerPlay Forward
Center Left Wing Right Wing Time % Phy DF OF
1 Steven Stamkos Jared McCann Patrick Kane 50 0 1 4
2 Mika Zibanejad Carter Verhaeghe Matthew Boldy 50 0 1 4
PowerPlay Defense
Defense Defense Time % Phy DF OF
1 Kevin Shattenkirk MacKenzie Weegar 50 1 2 2
2 Shayne Gostisbehere Daniel Sprong 50 1 2 2
Penalty Kill 4 Players Forward
Center Wing Time % Phy DF OF
1 Mika Zibanejad Jared McCann 50 2 2 1
2 Anthony Cirelli Steven Stamkos 50 2 2 1
Penalty Kill 4 Players Defense
Defense Defense Time % Phy DF OF
1 Kevin Shattenkirk MacKenzie Weegar 50 2 2 1
2 Jordie Benn Shayne Gostisbehere 50 2 2 1
Penalty Kill - 3 Players Forward
Forward Time % Phy DF OF
1 Mika Zibanejad 50 1 2 2
2 Anthony Cirelli 50 1 2 2
Penalty Kill - 3 Players Defense
Defense Defense Time % Phy DF OF
1 Kevin Shattenkirk MacKenzie Weegar 50 1 2 2
2 Jordie Benn Shayne Gostisbehere 50 2 2 1
4 vs 4 Forward
Center Wing Time % Phy DF OF
1 Mika Zibanejad Carter Verhaeghe 60 1 2 2
2 Steven Stamkos Matthew Boldy 40 1 1 3
4 vs 4 Defense
Defense Defense Time % Phy DF OF
1 Kevin Shattenkirk MacKenzie Weegar 60 1 2 2
2 Jordie Benn Shayne Gostisbehere 40 1 2 2
Last Minutes Offensive
Center Left Wing Right Wing Defense Defense
Mika Zibanejad Carter Verhaeghe Matthew Boldy Kevin Shattenkirk MacKenzie Weegar
Last Minutes Defensive
Center Left Wing Right Wing Defense Defense
Mika Zibanejad Carter Verhaeghe Matthew Boldy Kevin Shattenkirk MacKenzie Weegar
Goaltenders
Starting : Vitek Vanecek
Backup : Laurent Brossoit
Extra Forwards
Normal : Josh Bailey, Daniel Sprong, Arthur Kaliyev - PP : Josh Bailey, Arthur Kaliyev - PK : Jared McCann
Extra Defensemen
Normal : Philippe Myers, Zach Bogosian, Shayne Gostisbehere - PP : Kevin Shattenkirk - PK : Philippe Myers, Zach Bogosian
Penalty Shots
Mika Zibanejad, Jonathan Huberdeau, Matthew Boldy, Carter Verhaeghe, Jared McCann
% Time on Ice - Chicago Black Hawks
Lines # - Real PCT - Wanted PCT - Time Play
Normal Forward
1 - 31% - 30% - 14:45
2 - 32% - 30% - 15:14
3 - 24% - 25% - 11:07
4 - 13% - 15% - 6:04
Normal Defense
1 - 28% - 30% - 13:26
2 - 33% - 30% - 15:21
3 - 29% - 25% - 13:33
4 - 10% - 15% - 4:50
PP Forward
1 - 51% - 50% - 2:31
2 - 49% - 50% - 2:23
PP Defense
1 - 60% - 50% - 2:55
2 - 40% - 50% - 1:59
PK Forward
1 - 45% - 50% - 3:33
2 - 55% - 50% - 4:23
PK Defense
1 - 47% - 50% - 3:43
2 - 53% - 50% - 4:13
PK3 Forward
1 - 0% - 50%
2 - 0% - 50%
PK3 Defense
1 - 0% - 50%
2 - 0% - 50%
44 Forward
1 - 0% - 50%
2 - 0% - 50%
44 Defense
1 - 0% - 50%
2 - 0% - 50%
Last Minute Offensive - 0:00
Last Minute Defensive - 0:00
Total
Forward - 60:00
Defense - 60:00
|
% Time on Ice - Detroit Red Wings
Lines # - Real PCT - Wanted PCT - Time Play
Normal Forward
1 - 33% - 35% - 15:33
2 - 28% - 30% - 13:05
3 - 23% - 25% - 10:40
4 - 16% - 10% - 7:18
Normal Defense
1 - 41% - 40% - 19:11
2 - 32% - 30% - 14:42
3 - 22% - 20% - 10:10
4 - 5% - 10% - 2:33
PP Forward
1 - 50% - 50% - 3:58
2 - 50% - 50% - 3:58
PP Defense
1 - 50% - 50% - 3:59
2 - 50% - 50% - 3:57
PK Forward
1 - 45% - 50% - 2:12
2 - 55% - 50% - 2:42
PK Defense
1 - 49% - 50% - 2:25
2 - 51% - 50% - 2:29
PK3 Forward
1 - 0% - 50%
2 - 0% - 50%
PK3 Defense
1 - 0% - 50%
2 - 0% - 50%
44 Forward
1 - 0% - 60%
2 - 0% - 40%
44 Defense
1 - 0% - 60%
2 - 0% - 40%
Last Minute Offensive - 0:34
Last Minute Defensive - 0:00
Total
Forward - 60:00
Defense - 60:00
|
Play-by-Play
1st period
0:01 of 1st period - Steven Stamkos wins face-off versus Bo Horvat in neutral zone.
0:10 of 1st period - Wrist shot by Patrick Kane.
0:10 of 1st period - Stopped by Thatcher Demko with a rebound.
0:29 of 1st period - Patrice Bergeron is hit by Carter Verhaeghe and loses puck.
0:38 of 1st period - Wrist shot by Mika Zibanejad.
0:38 of 1st period - Goal by Mika Zibanejad - Chicago Black Hawks : 0 - Detroit Red Wings : 1.
0:39 of 1st period - Anthony Cirelli wins face-off versus Nicholas Paul in neutral zone.
0:48 of 1st period - Wrist shot by Jaden Schwartz.
0:48 of 1st period - Goal by Jaden Schwartz - Chicago Black Hawks : 1 - Detroit Red Wings : 1.
0:49 of 1st period - Arthur Kaliyev wins face-off versus Shane Pinto in neutral zone.
1:04 of 1st period - Snap shot by Arthur Kaliyev.
1:04 of 1st period - Shot Misses the Net.
1:37 of 1st period - Snap shot by Kevin Fiala.
1:37 of 1st period - Stopped by Vitek Vanecek with a rebound.
2:07 of 1st period - Jordie Benn is hit by Jaden Schwartz.
2:17 of 1st period - Jordie Benn is hit by Devon Toews.
3:37 of 1st period - Snap shot by Patrick Kane.
3:37 of 1st period - Shot Misses the Net.
3:54 of 1st period - Slapshot by Arthur Kaliyev.
3:54 of 1st period - Shot Blocked by Marcus Pettersson.
4:02 of 1st period - Slapshot by Kirby Dach.
4:02 of 1st period - Shot Blocked by Alexander Barabanov.
4:12 of 1st period - Wrist shot by Mika Zibanejad.
4:12 of 1st period - Shot Blocked by Cale Makar.
4:18 of 1st period - Snap shot by Vincent Trocheck.
4:18 of 1st period - Stopped by Vitek Vanecek without a rebound.
4:19 of 1st period - Mika Zibanejad wins face-off versus Patrice Bergeron in Detroit Red Wings zone.
4:44 of 1st period - Marcus Pettersson is hit by Zach Bogosian and loses puck.
5:23 of 1st period - Cale Makar is hit by Zach Bogosian and loses puck.
6:31 of 1st period - Seth Jones is hit by MacKenzie Weegar and loses puck.
6:48 of 1st period - Jordie Benn is hit by Bo Horvat and loses puck.
7:12 of 1st period - Off-side.
7:13 of 1st period - Frederick Gaudreau wins face-off versus Jared McCann in neutral zone.
7:22 of 1st period - Wrist shot by Jaden Schwartz.
7:22 of 1st period - Stopped by Vitek Vanecek without a rebound.
7:23 of 1st period - Patrick Kane wins face-off versus Nicholas Paul in Detroit Red Wings zone.
7:38 of 1st period - Snap shot by Jared McCann.
7:38 of 1st period - Shot Blocked by Travis Sanheim.
7:40 of 1st period - Slapshot by Kevin Shattenkirk.
7:40 of 1st period - Stopped by Thatcher Demko with a rebound.
7:46 of 1st period - Minor Penalty to Travis Sanheim for Slashing.
7:47 of 1st period - Steven Stamkos wins face-off versus Patrice Bergeron in Chicago Black Hawks zone.
8:00 of 1st period - Snap shot by Barrett Hayton.
8:00 of 1st period - Stopped by Vitek Vanecek without a rebound.
8:01 of 1st period - Barrett Hayton wins face-off versus Mika Zibanejad in Detroit Red Wings zone.
8:54 of 1st period - Marcus Pettersson is hit by Mika Zibanejad and loses puck.
9:46 of 1st period - Penalty to Travis Sanheim is over, Travis Sanheim is back on ice.
9:58 of 1st period - Snap shot by Barrett Hayton.
9:58 of 1st period - Stopped by Vitek Vanecek without a rebound.
9:59 of 1st period - Bo Horvat wins face-off versus Josh Bailey in Detroit Red Wings zone.
10:04 of 1st period - Slapshot by Kevin Fiala.
10:04 of 1st period - Stopped by Vitek Vanecek without a rebound.
10:05 of 1st period - Bo Horvat wins face-off versus Josh Bailey in Detroit Red Wings zone.
10:38 of 1st period - Snap shot by Steven Stamkos.
10:38 of 1st period - Stopped by Thatcher Demko with a rebound.
10:40 of 1st period - Snap shot by Steven Stamkos.
10:40 of 1st period - Stopped by Thatcher Demko without a rebound.
10:41 of 1st period - Patrice Bergeron wins face-off versus Steven Stamkos in Chicago Black Hawks zone.
10:41 of 1st period - Patrice Bergeron is hit by Steven Stamkos.
10:51 of 1st period - Wrist shot by Patrice Bergeron.
10:51 of 1st period - Stopped by Vitek Vanecek with a rebound.
10:53 of 1st period - Snap shot by Barrett Hayton.
10:53 of 1st period - Shot Misses the Net.
10:55 of 1st period - Snap shot by Kirby Dach.
10:55 of 1st period - Shot Misses the Net.
11:07 of 1st period - Vincent Trocheck is hit by Zach Bogosian and loses puck.
11:58 of 1st period - Marcus Pettersson is hit by Jordie Benn and loses puck.
12:29 of 1st period - Slapshot by Mika Zibanejad.
12:29 of 1st period - Shot Blocked by Brent Burns.
12:59 of 1st period - Brent Burns is hit by Shayne Gostisbehere and loses puck.
13:33 of 1st period - Minor Penalty to Zach Bogosian for Elbowing.
13:34 of 1st period - Bo Horvat wins face-off versus Mika Zibanejad in Detroit Red Wings zone.
13:42 of 1st period - Wrist shot by Kevin Fiala.
13:42 of 1st period - Deflect By MacKenzie Weegar.
13:42 of 1st period - Stopped by Vitek Vanecek without a rebound.
13:43 of 1st period - Bo Horvat wins face-off versus Mika Zibanejad in Detroit Red Wings zone.
13:46 of 1st period - Slapshot by Bo Horvat.
13:46 of 1st period - Shot Blocked by Jared McCann.
13:48 of 1st period - Wrist shot by Vincent Trocheck.
13:48 of 1st period - Shot Blocked by Kevin Shattenkirk.
13:50 of 1st period - Slapshot by Vincent Trocheck.
13:50 of 1st period - Deflect By Kevin Fiala.
13:50 of 1st period - Shot Misses the Net.
13:50 of 1st period - Puck is out of play.
13:51 of 1st period - Patrice Bergeron wins face-off versus Anthony Cirelli in Detroit Red Wings zone.
13:56 of 1st period - Snap shot by Kirby Dach.
13:56 of 1st period - Shot Misses the Net.
15:33 of 1st period - Penalty to Zach Bogosian is over, Zach Bogosian is back on ice.
16:08 of 1st period - Snap shot by Alexander Barabanov.
16:08 of 1st period - Shot Misses the Net.
17:01 of 1st period - Josh Bailey is hit by Kirby Dach and loses puck.
17:12 of 1st period - Snap shot by Matthew Boldy.
17:12 of 1st period - Goal by Matthew Boldy - Chicago Black Hawks : 1 - Detroit Red Wings : 2.
17:13 of 1st period - Patrice Bergeron wins face-off versus Steven Stamkos in neutral zone.
18:02 of 1st period - Snap shot by Mika Zibanejad.
18:02 of 1st period - Stopped by Thatcher Demko with a rebound.
18:36 of 1st period - Brent Burns is hit by Steven Stamkos and loses puck.
18:51 of 1st period - Wrist shot by Kirby Dach.
18:51 of 1st period - Shot Misses the Net.
18:53 of 1st period - Wrist shot by Kirby Dach.
18:53 of 1st period - Stopped by Vitek Vanecek without a rebound.
18:54 of 1st period - Patrice Bergeron wins face-off versus Jonathan Huberdeau in Detroit Red Wings zone.
19:05 of 1st period - Snap shot by Kirby Dach.
19:05 of 1st period - Deflect By Patrice Bergeron.
19:05 of 1st period - Stopped by Vitek Vanecek without a rebound.
19:06 of 1st period - Bo Horvat wins face-off versus Steven Stamkos in Detroit Red Wings zone.
19:07 of 1st period - Wrist shot by Kevin Fiala.
19:07 of 1st period - Shot Blocked by Kevin Shattenkirk.
19:09 of 1st period - Slapshot by Cale Makar.
19:09 of 1st period - Shot Misses the Net.
19:13 of 1st period - Slapshot by Kevin Fiala.
19:13 of 1st period - Shot Blocked by Kevin Shattenkirk.
19:15 of 1st period - Slapshot by Bo Horvat.
19:15 of 1st period - Shot Misses the Net.
19:17 of 1st period - Wrist shot by Bo Horvat.
19:17 of 1st period - Shot Misses the Net.
19:19 of 1st period - Slapshot by Vincent Trocheck.
19:19 of 1st period - Shot Misses the Net.
19:21 of 1st period - Slapshot by Seth Jones.
19:21 of 1st period - Stopped by Vitek Vanecek with a rebound.
19:23 of 1st period - Slapshot by Bo Horvat.
19:23 of 1st period - Stopped by Vitek Vanecek without a rebound.
19:24 of 1st period - Mika Zibanejad wins face-off versus Barrett Hayton in Detroit Red Wings zone.
19:39 of 1st period - Snap shot by Kirby Dach.
19:39 of 1st period - Deflect By Patrice Bergeron.
19:39 of 1st period - Stopped by Vitek Vanecek with a rebound.
19:41 of 1st period - Wrist shot by Cale Makar.
19:41 of 1st period - Shot Misses the Net.
19:51 of 1st period - Matthew Boldy is hit by Cale Makar.
19:55 of 1st period - Slapshot by Mika Zibanejad.
19:55 of 1st period - Stopped by Thatcher Demko with a rebound.
Goals for this period are 1 for Chicago Black Hawks vs 2 for Detroit Red Wings.
Shots for this period are 14 for Chicago Black Hawks vs 8 for Detroit Red Wings.
2nd period
0:01 of 2nd period - Kevin Fiala wins face-off versus Steven Stamkos in neutral zone.
0:05 of 2nd period - Icing by MacKenzie Weegar.
0:06 of 2nd period - Steven Stamkos wins face-off versus Bo Horvat in Detroit Red Wings zone.
0:15 of 2nd period - Slapshot by Patrick Kane.
0:15 of 2nd period - Shot Misses the Net.
0:17 of 2nd period - Snap shot by Kevin Shattenkirk.
0:17 of 2nd period - Stopped by Thatcher Demko without a rebound.
0:18 of 2nd period - Steven Stamkos wins face-off versus Patrice Bergeron in Chicago Black Hawks zone.
0:19 of 2nd period - Snap shot by Patrick Kane.
0:19 of 2nd period - Goal by Patrick Kane - Chicago Black Hawks : 1 - Detroit Red Wings : 3.
0:20 of 2nd period - Patrice Bergeron wins face-off versus Patrick Kane in neutral zone.
0:23 of 2nd period - Steven Stamkos is hit by Patrice Bergeron and loses puck.
1:31 of 2nd period - Snap shot by Josh Bailey.
1:31 of 2nd period - Shot Misses the Net.
1:37 of 2nd period - Snap shot by Josh Bailey.
1:37 of 2nd period - Stopped by Thatcher Demko without a rebound.
1:38 of 2nd period - Steven Stamkos wins face-off versus Nicholas Paul in Chicago Black Hawks zone.
1:41 of 2nd period - Snap shot by Patrick Kane.
1:41 of 2nd period - Deflect By Jared McCann.
1:41 of 2nd period - Stopped by Thatcher Demko with a rebound.
1:47 of 2nd period - Slapshot by Cale Makar.
1:47 of 2nd period - Deflect By Nicholas Paul.
1:47 of 2nd period - Shot Misses the Net.
1:47 of 2nd period - Puck is out of play.
1:48 of 2nd period - Bo Horvat wins face-off versus Steven Stamkos in Detroit Red Wings zone.
1:53 of 2nd period - Snap shot by Kevin Fiala.
1:53 of 2nd period - Shot Blocked by Steven Stamkos.
1:55 of 2nd period - Snap shot by Kevin Fiala.
1:55 of 2nd period - Stopped by Vitek Vanecek without a rebound.
1:56 of 2nd period - Steven Stamkos wins face-off versus Bo Horvat in Detroit Red Wings zone.
2:05 of 2nd period - Steven Stamkos is hit by Kevin Fiala.
3:10 of 2nd period - Vincent Trocheck is hit by Zach Bogosian and loses puck.
3:29 of 2nd period - Wrist shot by Patrick Kane.
3:29 of 2nd period - Shot Blocked by Marcus Pettersson.
3:48 of 2nd period - Off-side.
3:49 of 2nd period - Steven Stamkos wins face-off versus Bo Horvat in neutral zone.
4:04 of 2nd period - Slapshot by Steven Stamkos.
4:04 of 2nd period - Stopped by Thatcher Demko without a rebound.
4:05 of 2nd period - Patrice Bergeron wins face-off versus Anthony Cirelli in Chicago Black Hawks zone.
4:19 of 2nd period - Icing by Devon Toews.
4:20 of 2nd period - Patrice Bergeron wins face-off versus Steven Stamkos in Chicago Black Hawks zone.
4:20 of 2nd period - Patrice Bergeron is hit by Jared McCann.
4:36 of 2nd period - Wrist shot by Patrick Kane.
4:36 of 2nd period - Deflect By Patrice Bergeron.
4:36 of 2nd period - Shot Misses the Net.
4:36 of 2nd period - Puck is out of play.
4:37 of 2nd period - Nicholas Paul wins face-off versus Matthew Boldy in Chicago Black Hawks zone.
5:49 of 2nd period - Snap shot by Patrick Kane.
5:49 of 2nd period - Shot Blocked by Michael Rasmussen.
5:51 of 2nd period - Slapshot by Kevin Shattenkirk.
5:51 of 2nd period - Shot Misses the Net.
5:53 of 2nd period - Snap shot by Steven Stamkos.
5:53 of 2nd period - Stopped by Thatcher Demko without a rebound.
5:54 of 2nd period - Bo Horvat wins face-off versus Steven Stamkos in Chicago Black Hawks zone.
6:01 of 2nd period - Snap shot by Kevin Fiala.
6:01 of 2nd period - Goal by Kevin Fiala - Chicago Black Hawks : 2 - Detroit Red Wings : 3.
6:02 of 2nd period - Steven Stamkos wins face-off versus Nicholas Paul in neutral zone.
6:09 of 2nd period - Wrist shot by Steven Stamkos.
6:09 of 2nd period - Deflect By Patrick Kane.
6:09 of 2nd period - Stopped by Thatcher Demko with a rebound.
6:11 of 2nd period - Slapshot by Jordie Benn.
6:11 of 2nd period - Shot Misses the Net.
6:13 of 2nd period - Wrist shot by Steven Stamkos.
6:13 of 2nd period - Deflect By Jared McCann.
6:13 of 2nd period - Goal by Jared McCann - Chicago Black Hawks : 2 - Detroit Red Wings : 4.
6:14 of 2nd period - Shane Pinto wins face-off versus Mika Zibanejad in neutral zone.
6:16 of 2nd period - Minor Penalty to Michael Rasmussen for Hooking.
6:17 of 2nd period - Mika Zibanejad wins face-off versus Patrice Bergeron in Chicago Black Hawks zone.
7:18 of 2nd period - Daniel Sprong is hit by Patrice Bergeron and loses puck.
8:16 of 2nd period - Penalty to Michael Rasmussen is over, Michael Rasmussen is back on ice.
8:53 of 2nd period - Alexander Barabanov is hit by Nicholas Paul and loses puck.
10:25 of 2nd period - Slapshot by Shane Pinto.
10:25 of 2nd period - Shot Misses the Net.
10:47 of 2nd period - Snap shot by Jaden Schwartz.
10:47 of 2nd period - Goal by Jaden Schwartz - Chicago Black Hawks : 3 - Detroit Red Wings : 4.
10:48 of 2nd period - Patrice Bergeron wins face-off versus Steven Stamkos in neutral zone.
11:05 of 2nd period - Snap shot by Patrick Kane.
11:05 of 2nd period - Shot Misses the Net.
11:50 of 2nd period - Snap shot by Vincent Trocheck.
11:50 of 2nd period - Stopped by Vitek Vanecek without a rebound.
11:51 of 2nd period - Steven Stamkos wins face-off versus Patrice Bergeron in Detroit Red Wings zone.
12:22 of 2nd period - Snap shot by Jaden Schwartz.
12:22 of 2nd period - Shot Misses the Net.
12:24 of 2nd period - Slapshot by Cale Makar.
12:24 of 2nd period - Deflect By Jaden Schwartz.
12:24 of 2nd period - Shot Blocked by Carter Verhaeghe.
12:24 of 2nd period - Puck is out of play.
12:25 of 2nd period - Bo Horvat wins face-off versus Mika Zibanejad in Detroit Red Wings zone.
12:40 of 2nd period - Wrist shot by Carter Verhaeghe.
12:40 of 2nd period - Stopped by Thatcher Demko without a rebound.
12:41 of 2nd period - Nicholas Paul wins face-off versus Steven Stamkos in Chicago Black Hawks zone.
13:21 of 2nd period - Slapshot by Patrice Bergeron.
13:21 of 2nd period - Shot Misses the Net.
13:51 of 2nd period - Snap shot by Alexander Barabanov.
13:51 of 2nd period - Stopped by Thatcher Demko without a rebound.
13:52 of 2nd period - Shane Pinto wins face-off versus Josh Bailey in Chicago Black Hawks zone.
13:52 of 2nd period - Shane Pinto is hit by Jordie Benn.
14:04 of 2nd period - Snap shot by Arthur Kaliyev.
14:04 of 2nd period - Stopped by Thatcher Demko with a rebound.
14:06 of 2nd period - Wrist shot by Alexander Barabanov.
14:06 of 2nd period - Shot Blocked by Nicholas Paul.
14:08 of 2nd period - Backhand shot by Jordie Benn.
14:08 of 2nd period - Shot Blocked by Michael Rasmussen.
14:18 of 2nd period - Marcus Pettersson is hit by Shayne Gostisbehere.
14:37 of 2nd period - Minor Penalty to Zach Bogosian for Cross-checking.
14:38 of 2nd period - Patrice Bergeron wins face-off versus Anthony Cirelli in Detroit Red Wings zone.
14:43 of 2nd period - Wrist shot by Patrice Bergeron.
14:43 of 2nd period - Shot Blocked by Steven Stamkos.
14:45 of 2nd period - Slapshot by Seth Jones.
14:45 of 2nd period - Deflect By Patrice Bergeron.
14:45 of 2nd period - Stopped by Vitek Vanecek with a rebound.
14:47 of 2nd period - Snap shot by Brent Burns.
14:47 of 2nd period - Stopped by Vitek Vanecek with a rebound.
14:49 of 2nd period - Slapshot by Seth Jones.
14:49 of 2nd period - Shot Misses the Net.
14:51 of 2nd period - Slapshot by Brent Burns.
14:51 of 2nd period - Shot Blocked by Kevin Shattenkirk.
14:53 of 2nd period - Snap shot by Barrett Hayton.
14:53 of 2nd period - Stopped by Vitek Vanecek without a rebound.
14:54 of 2nd period - Bo Horvat wins face-off versus Mika Zibanejad in Detroit Red Wings zone.
14:55 of 2nd period - Snap shot by Kevin Fiala.
14:55 of 2nd period - Shot Misses the Net.
14:57 of 2nd period - Slapshot by Devon Toews.
14:57 of 2nd period - Goal by Devon Toews - Chicago Black Hawks : 4 - Detroit Red Wings : 4.
14:58 of 2nd period - Steven Stamkos wins face-off versus Jaden Schwartz in neutral zone.
16:16 of 2nd period - Wrist shot by Kirby Dach.
16:16 of 2nd period - Shot Blocked by Josh Bailey.
16:18 of 2nd period - Slapshot by Devon Toews.
16:18 of 2nd period - Stopped by Vitek Vanecek without a rebound.
16:19 of 2nd period - Bo Horvat wins face-off versus Steven Stamkos in Detroit Red Wings zone.
16:20 of 2nd period - Wrist shot by Vincent Trocheck.
16:20 of 2nd period - Goal by Vincent Trocheck - Chicago Black Hawks : 5 - Detroit Red Wings : 4.
16:21 of 2nd period - Steven Stamkos wins face-off versus Bo Horvat in neutral zone.
16:38 of 2nd period - Snap shot by Patrick Kane.
16:38 of 2nd period - Stopped by Thatcher Demko with a rebound.
16:54 of 2nd period - Slapshot by Cale Makar.
16:54 of 2nd period - Stopped by Vitek Vanecek without a rebound.
16:55 of 2nd period - Mika Zibanejad wins face-off versus Nicholas Paul in Detroit Red Wings zone.
17:22 of 2nd period - Patrick Kane is hit by Devon Toews and loses puck.
17:27 of 2nd period - Wrist shot by Kevin Fiala.
17:27 of 2nd period - Stopped by Vitek Vanecek without a rebound.
17:28 of 2nd period - Bo Horvat wins face-off versus Steven Stamkos in Detroit Red Wings zone.
18:05 of 2nd period - Wrist shot by Patrick Kane.
18:05 of 2nd period - Goal by Patrick Kane - Chicago Black Hawks : 5 - Detroit Red Wings : 5.
18:06 of 2nd period - Anthony Cirelli wins face-off versus Nicholas Paul in neutral zone.
18:28 of 2nd period - Icing by Conor Sheary.
18:29 of 2nd period - Patrice Bergeron wins face-off versus Mika Zibanejad in Chicago Black Hawks zone.
18:52 of 2nd period - Minor Penalty to Barrett Hayton for Delaying the game.
18:53 of 2nd period - Patrick Kane wins face-off versus Patrice Bergeron in Chicago Black Hawks zone.
19:04 of 2nd period - Snap shot by Steven Stamkos.
19:04 of 2nd period - Deflect By Seth Jones.
19:04 of 2nd period - Shot Misses the Net.
19:04 of 2nd period - Puck is out of play.
19:05 of 2nd period - Mika Zibanejad wins face-off versus Patrice Bergeron in Chicago Black Hawks zone.
19:12 of 2nd period - Snap shot by Mika Zibanejad.
19:12 of 2nd period - Stopped by Thatcher Demko with a rebound.
19:14 of 2nd period - Slapshot by Matthew Boldy.
19:14 of 2nd period - Stopped by Thatcher Demko without a rebound.
19:15 of 2nd period - Patrice Bergeron wins face-off versus Mika Zibanejad in Chicago Black Hawks zone.
19:26 of 2nd period - Snap shot by Mika Zibanejad.
19:26 of 2nd period - Deflect By Matthew Boldy.
19:26 of 2nd period - Shot Blocked by Seth Jones.
19:26 of 2nd period - Puck is out of play.
19:27 of 2nd period - Steven Stamkos wins face-off versus Jaden Schwartz in Chicago Black Hawks zone.
19:34 of 2nd period - Wrist shot by Patrick Kane.
19:34 of 2nd period - Stopped by Thatcher Demko without a rebound.
19:35 of 2nd period - Patrice Bergeron wins face-off versus Steven Stamkos in Chicago Black Hawks zone.
Goals for this period are 4 for Chicago Black Hawks vs 3 for Detroit Red Wings.
Shots for this period are 12 for Chicago Black Hawks vs 16 for Detroit Red Wings.
3rd period
0:01 of 3rd period - Mika Zibanejad wins face-off versus Patrice Bergeron in neutral zone.
0:04 of 3rd period - Frederick Gaudreau is hit by Carter Verhaeghe and loses puck.
0:09 of 3rd period - Snap shot by Mika Zibanejad.
0:09 of 3rd period - Stopped by Thatcher Demko with a rebound.
0:11 of 3rd period - Slapshot by Mika Zibanejad.
0:11 of 3rd period - Stopped by Thatcher Demko with a rebound.
0:47 of 3rd period - Carter Verhaeghe is hit by Michael Rasmussen and loses puck.
0:52 of 3rd period - Penalty to Barrett Hayton is over, Barrett Hayton is back on ice.
1:06 of 3rd period - Brent Burns is hit by Arthur Kaliyev and loses puck.
1:25 of 3rd period - Wrist shot by Kirby Dach.
1:25 of 3rd period - Stopped by Vitek Vanecek without a rebound.
1:26 of 3rd period - Patrice Bergeron wins face-off versus Mika Zibanejad in Detroit Red Wings zone.
1:37 of 3rd period - Snap shot by Carter Verhaeghe.
1:37 of 3rd period - Stopped by Thatcher Demko without a rebound.
1:38 of 3rd period - Nicholas Paul wins face-off versus Daniel Sprong in Chicago Black Hawks zone.
1:45 of 3rd period - Wrist shot by Jaden Schwartz.
1:45 of 3rd period - Deflect By Daniel Sprong.
1:45 of 3rd period - Shot Blocked by MacKenzie Weegar.
1:45 of 3rd period - Puck is out of play.
1:46 of 3rd period - Nicholas Paul wins face-off versus Daniel Sprong in Detroit Red Wings zone.
2:16 of 3rd period - Snap shot by Vincent Trocheck.
2:16 of 3rd period - Stopped by Vitek Vanecek with a rebound.
2:18 of 3rd period - Wrist shot by Kevin Fiala.
2:18 of 3rd period - Shot Misses the Net.
2:40 of 3rd period - Mika Zibanejad is hit by Barrett Hayton and loses puck.
3:25 of 3rd period - Brent Burns is hit by Zach Bogosian and loses puck.
3:32 of 3rd period - Minor Penalty to Zach Bogosian for Hooking.
3:33 of 3rd period - Barrett Hayton wins face-off versus Anthony Cirelli in Detroit Red Wings zone.
4:02 of 3rd period - Snap shot by Vincent Trocheck.
4:02 of 3rd period - Shot Misses the Net.
4:04 of 3rd period - Slapshot by Bo Horvat.
4:04 of 3rd period - Stopped by Vitek Vanecek with a rebound.
4:06 of 3rd period - Snap shot by Kevin Fiala.
4:06 of 3rd period - Shot Blocked by Jordie Benn.
4:08 of 3rd period - Snap shot by Brent Burns.
4:08 of 3rd period - Goal by Brent Burns - Chicago Black Hawks : 6 - Detroit Red Wings : 5.
4:09 of 3rd period - Nicholas Paul wins face-off versus Carter Verhaeghe in neutral zone.
5:26 of 3rd period - Wrist shot by Kirby Dach.
5:26 of 3rd period - Stopped by Vitek Vanecek without a rebound.
5:27 of 3rd period - Nicholas Paul wins face-off versus Steven Stamkos in Detroit Red Wings zone.
5:28 of 3rd period - Wrist shot by Jaden Schwartz.
5:28 of 3rd period - Shot Misses the Net.
5:40 of 3rd period - Snap shot by Jaden Schwartz.
5:40 of 3rd period - Shot Blocked by MacKenzie Weegar.
5:42 of 3rd period - Snap shot by Conor Sheary.
5:42 of 3rd period - Stopped by Vitek Vanecek without a rebound.
5:43 of 3rd period - Bo Horvat wins face-off versus Anthony Cirelli in Detroit Red Wings zone.
5:46 of 3rd period - Snap shot by Kevin Fiala.
5:46 of 3rd period - Shot Misses the Net.
5:48 of 3rd period - Snap shot by Seth Jones.
5:48 of 3rd period - Deflect By Bo Horvat.
5:48 of 3rd period - Shot Misses the Net.
5:48 of 3rd period - Puck is out of play.
5:49 of 3rd period - Anthony Cirelli wins face-off versus Bo Horvat in Detroit Red Wings zone.
5:51 of 3rd period - Minor Penalty to MacKenzie Weegar for Roughing.
5:52 of 3rd period - Bo Horvat wins face-off versus Mika Zibanejad in Detroit Red Wings zone.
5:54 of 3rd period - Wrist shot by Vincent Trocheck.
5:54 of 3rd period - Stopped by Vitek Vanecek without a rebound.
5:55 of 3rd period - Bo Horvat wins face-off versus Mika Zibanejad in Detroit Red Wings zone.
6:28 of 3rd period - Slapshot by Bo Horvat.
6:28 of 3rd period - Shot Blocked by Anthony Cirelli.
6:54 of 3rd period - Slapshot by Barrett Hayton.
6:54 of 3rd period - Shot Misses the Net.
7:51 of 3rd period - Penalty to MacKenzie Weegar is over, MacKenzie Weegar is back on ice.
7:55 of 3rd period - Slapshot by Cale Makar.
7:55 of 3rd period - Stopped by Vitek Vanecek with a rebound.
7:57 of 3rd period - Wrist shot by Devon Toews.
7:57 of 3rd period - Shot Misses the Net.
7:59 of 3rd period - Snap shot by Conor Sheary.
7:59 of 3rd period - Stopped by Vitek Vanecek with a rebound.
8:03 of 3rd period - Wrist shot by Jaden Schwartz.
8:03 of 3rd period - Shot Misses the Net.
8:05 of 3rd period - Slapshot by Devon Toews.
8:05 of 3rd period - Stopped by Vitek Vanecek with a rebound.
8:07 of 3rd period - Slapshot by Cale Makar.
8:07 of 3rd period - Stopped by Vitek Vanecek without a rebound.
8:08 of 3rd period - Shane Pinto wins face-off versus Alexander Barabanov in Detroit Red Wings zone.
8:43 of 3rd period - Zach Bogosian is hit by Cale Makar and loses puck.
9:03 of 3rd period - Slapshot by Kevin Shattenkirk.
9:03 of 3rd period - Stopped by Thatcher Demko without a rebound.
9:04 of 3rd period - Bo Horvat wins face-off versus Mika Zibanejad in Chicago Black Hawks zone.
9:31 of 3rd period - Snap shot by Daniel Sprong.
9:31 of 3rd period - Stopped by Thatcher Demko with a rebound.
9:39 of 3rd period - Snap shot by Jonathan Huberdeau.
9:39 of 3rd period - Stopped by Thatcher Demko with a rebound.
10:29 of 3rd period - Off-side.
10:30 of 3rd period - Patrice Bergeron wins face-off versus Josh Bailey in neutral zone.
10:33 of 3rd period - Snap shot by Patrice Bergeron.
10:33 of 3rd period - Shot Blocked by Alexander Barabanov.
10:43 of 3rd period - Wrist shot by Alexander Barabanov.
10:43 of 3rd period - Stopped by Thatcher Demko without a rebound.
10:44 of 3rd period - Bo Horvat wins face-off versus Mika Zibanejad in Chicago Black Hawks zone.
11:11 of 3rd period - Cale Makar is hit by Anthony Cirelli and loses puck.
11:43 of 3rd period - Snap shot by Kevin Fiala.
11:43 of 3rd period - Shot Misses the Net.
11:45 of 3rd period - Slapshot by Vincent Trocheck.
11:45 of 3rd period - Deflect By Bo Horvat.
11:45 of 3rd period - Stopped by Vitek Vanecek with a rebound.
11:47 of 3rd period - Backhand shot by Kevin Fiala.
11:47 of 3rd period - Shot Misses the Net.
12:21 of 3rd period - Wrist shot by Steven Stamkos.
12:21 of 3rd period - Deflect By Bo Horvat.
12:21 of 3rd period - Shot Blocked by Seth Jones.
12:21 of 3rd period - Puck is out of play.
12:22 of 3rd period - Mika Zibanejad wins face-off versus Patrice Bergeron in Chicago Black Hawks zone.
12:35 of 3rd period - Carter Verhaeghe is hit by Barrett Hayton and loses puck.
12:42 of 3rd period - Brent Burns is hit by Mika Zibanejad and loses puck.
13:01 of 3rd period - Wrist shot by Jonathan Huberdeau.
13:01 of 3rd period - Goal by Jonathan Huberdeau - Chicago Black Hawks : 6 - Detroit Red Wings : 6.
13:02 of 3rd period - Nicholas Paul wins face-off versus Mika Zibanejad in neutral zone.
13:07 of 3rd period - Snap shot by Jaden Schwartz.
13:07 of 3rd period - Shot Blocked by Zach Bogosian.
13:29 of 3rd period - Jaden Schwartz is hit by Jonathan Huberdeau and loses puck.
13:42 of 3rd period - Snap shot by Jaden Schwartz.
13:42 of 3rd period - Stopped by Vitek Vanecek with a rebound.
13:44 of 3rd period - Snap shot by Conor Sheary.
13:44 of 3rd period - Shot Misses the Net.
13:46 of 3rd period - Snap shot by Conor Sheary.
13:46 of 3rd period - Goal by Conor Sheary - Chicago Black Hawks : 7 - Detroit Red Wings : 6.
13:47 of 3rd period - Patrice Bergeron wins face-off versus Steven Stamkos in neutral zone.
14:14 of 3rd period - Bo Horvat is hit by Kevin Shattenkirk and loses puck.
14:37 of 3rd period - Nicholas Paul is hit by Jonathan Huberdeau and loses puck.
14:50 of 3rd period - Daniel Sprong is hit by Shane Pinto.
15:57 of 3rd period - Matthew Boldy is hit by Travis Sanheim.
16:21 of 3rd period - Travis Sanheim is hit by Daniel Sprong and loses puck.
16:58 of 3rd period - Minor Penalty to Michael Rasmussen for Holding.
16:59 of 3rd period - Frederick Gaudreau wins face-off versus Carter Verhaeghe in Chicago Black Hawks zone.
18:58 of 3rd period - Penalty to Michael Rasmussen is over, Michael Rasmussen is back on ice.
18:59 of 3rd period - Detroit Red Wings, Vitek Vanecek is pulled from the net.
19:09 of 3rd period - Brent Burns is hit by Matthew Boldy and loses puck.
19:16 of 3rd period - Wrist shot by Josh Bailey.
19:16 of 3rd period - Stopped by Thatcher Demko with a rebound.
19:34 of 3rd period - Wrist shot by Michael Rasmussen.
19:34 of 3rd period - Shot Blocked by Matthew Boldy.
19:36 of 3rd period - Snap shot by Nicholas Paul.
19:36 of 3rd period - Goal by Nicholas Paul - Chicago Black Hawks : 8 - Detroit Red Wings : 6.
19:36 of 3rd period - Vitek Vanecek from Detroit Red Wings was sent back in the game.
19:37 of 3rd period - Patrice Bergeron wins face-off versus Mika Zibanejad in neutral zone.
Goals for this period are 3 for Chicago Black Hawks vs 1 for Detroit Red Wings.
Shots for this period are 15 for Chicago Black Hawks vs 9 for Detroit Red Wings.
Back to the Top